 Dungeon Crawl Stone Soup version 0.29-a0-1008-g949cc1d0fb (webtiles) character file.

Game seed: 936057011610537783

3061 wilfster70 the Skirmisher (level 9, -5/74 HPs)
             Began as a Gnoll Hunter on Aug 7, 2022.
             Was a Believer of Ashenzari.
             Slain by a two-headed ogre
             ... wielding a +0 giant club
              (14 damage)
             ... on level 8 of the Dungeon.
             The game lasted 00:17:57 (7793 turns).

wilfster70 the Skirmisher (Gnoll Hunter)            Turns: 7793, Time: 00:17:58

Health: -5/74      AC:  6    Str: 11    XL:     9   Next: 88%
Magic:  18/18      EV: 15    Int: 12    God:    Ashenzari [**....]
Gold:   215        SH:  0    Dex: 16    Spells: 20/20 levels left

rFire   . . .      SeeInvis +   a - +1 shortbow (venom)
rCold   . . .      Faith    .   (shield currently unavailable)
rNeg    . . .      Spirit   .   c - +1 leather armour of Desmomancy {Alch, Self} (curse)
rPois   .          Reflect  .   (no helmet)
rElec   .          Harm     .   l - +1 cloak "Ensconced Seer" {Comp, Bglg} (curse)
rCorr   .          Rampage  .   (no gloves)
Will    .....                   (no boots)
Stlth   +++.......              (no amulet)
HPRegen 0.22/turn               g - ring "Unveiling Affliction" {Slay+4, Elem, Bglg} (curse)
MPRegen 0.16/turn               (no ring)

@: no status effects
A: fangs 1, strong nose, distributed training
a: Renounce Religion, Shatter the Chains


You were on level 8 of the Dungeon.
You worshipped Ashenzari.
Ashenzari was pleased with you.
You visited 1 branch of the dungeon, and saw 8 of its levels.
You also visited: Sewer.

You collected 389 gold pieces.
You spent 174 gold pieces at shops.

Inventory:

Hand Weapons
 a - a +1 shortbow of venom (weapon)
 b - a +0 trident of venom
Missiles
 d - a throwing net
 h - 7 poisoned darts
Armour
 c - the cursed +1 leather armour of Desmomancy (worn) {Alch, Self}

   It has a curse which improves the following skills: Alchemy: Poison Magic and
   Transmutations.
   Introspection: Fighting and Spellcasting.
 l - the cursed +1 cloak "Ensconced Seer" (worn) {Comp, Bglg}
   (You found it on level 3 of the Dungeon)

   It has a curse which improves the following skills: Companions: Summonings
   and Necromancy.
   Beguiling: Conjurations, Hexes and Translocations.
 w - the +0 robe "Retir" {rC+}
   (You bought it in a shop on level 5 of the Dungeon)

   rC:        It protects you from cold.
Jewellery
 g - the cursed ring "Unveiling Affliction" (left hand) {Slay+4, Elem, Bglg}
   (You found it on level 4 of the Dungeon)

   [ring of slaying]

   Slay:      It affects your accuracy & damage with ranged weapons and melee
   (+4).
   It has a curse which improves the following skills: Elements: Fire Magic, Ice
   Magic, Air Magic and Earth Magic.
   Beguiling: Conjurations, Hexes and Translocations.
 i - a ring of positive energy
Wands
 m - a wand of roots (4)
 q - a wand of flame (23)
 y - a wand of paralysis (3)
 z - a wand of mindburst (9)
 A - a wand of quicksilver (2)
Scrolls
 e - a scroll of summoning
 p - a scroll of blinking
 u - 3 scrolls of fog
 v - a scroll of immolation
 x - 2 scrolls of teleportation
Potions
 f - 3 potions of heal wounds
 j - 2 potions of flight
 k - 3 potions of brilliance
 n - a potion of invisibility
 o - a potion of magic
 r - a potion of might
 s - a potion of curing
 t - 2 potions of berserk rage


   Skills:
 + Level 6.7(8.0) Fighting
 + Level 4.8 Short Blades
 + Level 4.8 Long Blades
 + Level 4.8 Axes
 + Level 4.8 Maces & Flails
 + Level 4.8 Polearms
 + Level 4.8 Staves
 + Level 9.9 Ranged Weapons
 + Level 4.8 Throwing
 + Level 4.8 Armour
 + Level 6.7 Dodging
 + Level 5.4 Stealth
 + Level 4.8 Shields
 + Level 4.8 Unarmed Combat
 + Level 4.8(6.0) Spellcasting
 + Level 4.0(5.7) Conjurations
 + Level 4.0(5.7) Hexes
 + Level 4.0(5.1) Summonings
 + Level 4.0(5.1) Necromancy
 + Level 4.0(5.7) Translocations
 + Level 4.0(5.1) Transmutations
 + Level 4.0(5.1) Fire Magic
 + Level 4.0(5.1) Ice Magic
 + Level 4.0(5.1) Air Magic
 + Level 4.0(5.1) Earth Magic
 + Level 4.0(5.1) Poison Magic
 + Level 5.3 Invocations
 + Level 4.8 Evocations


You had 20 spell levels left.
You didn't know any spells.
Your spell library contained the following spells:

 Spells                   Type           Power      Damage    Failure   Level
 Apportation              Tloc           34%        N/A       2%          1
 Gell's Gravitas          Tloc           17%        N/A       6%          3
 Portal Projectile        Hex/Tloc       34%        N/A       6%          3
 Teleport Other           Tloc           17%        N/A       6%          3
 Call Canine Familiar     Summ           16%        N/A       9%          3
 Leda's Liquefaction      Hex/Erth       8%         N/A       24%         4
 Lee's Rapid Deconstruct  Erth           8%         3d8*      58%         5
 Dispersal                Tloc           8%         N/A       97%         6
 Statue Form              Tmut/Erth      10%        N/A       99%         6
 Haunt                    Necr/Summ      8%         N/A       100%        7


Dungeon Overview and Level Annotations

Branches:
Dungeon (8/15)             Temple (0/1) D:6           Sewer (visited)
   Lair: D:8-11

Altars:
Ashenzari
Hepliaklqana
Yredelemnul

Shops:
D:4 =   D:5 **   D:7 *

Annotations:
D:5 4 runed translucent doors


Innate Abilities, Weirdness & Mutations

You have very sharp teeth.
Your uncanny sense of smell can sniff out nearby items.
Your experience applies equally to all skills.


Message History

(D) Dungeon (T) Temple
Where to? (Enter - D:7, ? - help)
There is a stone staircase leading down here.
You climb downwards.
There is a stone staircase leading up here.
Found 12 gold pieces.
You now have 215 gold pieces (gained 12).
You open the door.
There is an open door here.
Ashenzari invites you to partake of a vision and a curse of alchemy and introspection.
Your +1 leather armour glows black for a moment.
Ashenzari will now reveal the unseen.
A two-headed ogre comes into view. It is wielding two +0 giant clubs.
You shoot an arrow. The arrow hits the two-headed ogre!
The two-headed ogre shouts in stereo!
The two-headed ogre is lightly wounded.
You shoot an arrow. The arrow hits the two-headed ogre.
The two-headed ogre is lightly wounded.
You shoot an arrow. The arrow hits the two-headed ogre!
The two-headed ogre is poisoned.
The two-headed ogre is moderately wounded.
You shoot an arrow. The arrow hits the two-headed ogre!
The two-headed ogre is heavily wounded.
You shoot an arrow.
The arrow barely misses the two-headed ogre.
The two-headed ogre hits you with a +0 giant club!!
The two-headed ogre hits you with a +0 giant club!
The two-headed ogre attacks as you move away!
The two-headed ogre hits you with a +0 giant club!!
* * * LOW HITPOINT WARNING * * *
The two-headed ogre barely misses you.
Fire: a) +1 shortbow (venom)
Press: ? - help, Q - select action, (/) - cycle Shift-Dir - straight line, f/p - two-headed ogre
Aim: a two-headed ogre, wielding two +0 giant clubs (severely wounded, poisoned, 82% to hit)
You shoot an arrow. The arrow hits the two-headed ogre.
The two-headed ogre looks as sick as possible!
The two-headed ogre is severely wounded.
The two-headed ogre attacks as you move away!
The two-headed ogre hits you with a +0 giant club!
You die...

, #.......# , *
#.......# , #.......# ,
###.......# #.........#
* *,*, #.........# * *
#.........# , ,
###.#######.........####
.......@O...............
........................
,
########################
, , , ,**** * ,** , , ,
, , , ** , , , * ,, *,
,* , ,, , * , ,,,, * ,,
,, *


You could see a two-headed ogre (extremely poisoned).

Vanquished Creatures
  Eustachio (D:5)
  An acid dragon (D:5)
  2 water moccasins (D:7)
  2 black bears
  An ice beast (D:7)
  A hornet zombie (D:5)
  An orc warrior (D:5)
  2 ogres
  3 centaurs
  3 phantoms
  3 necrophages
  2 gnoll sergeants (D:5)
  4 bullfrogs
  2 scorpions (D:5)
  A water moccasin zombie (D:5)
  3 jellies
  3 orc priests
  2 hounds
  A centaur zombie (D:5)
  4 iguanas
  2 orc wizards
  Terence (D:2)
  A howler monkey zombie (D:5)
  5 gnolls (D:5)
  10 adders
  2 white imps
  An adder zombie (D:5)
  2 worms
  10 orcs
  5 bats
  10 endoplasms
  8 giant cockroaches
  12 goblins
  7 hobgoblins
  6 jackals
  21 quokkas
  12 ball pythons
  13 frilled lizards
  7 kobolds
  7 rats
184 creatures vanquished.

Vanquished Creatures (others)
  8 plants (D:2)
8 creatures vanquished.

Grand Total: 192 creatures vanquished

Notes
Turn   | Place    | Note
-------+----------+-------------------------------------------
     0 | D:1      | wilfster70 the Gnoll Hunter began the quest for the Orb.
     0 | D:1      | Reached XP level 1. HP: 20/20 MP: 1/1
     2 | D:1      | Noticed an ogre
     2 | D:1      | Noticed a gargoyle
     4 | D:1      | Noticed a dwarf
     6 | D:1      | Noticed a felid
     8 | D:1      | Noticed a human
     8 | D:1      | Noticed a demigod
    10 | D:1      | Noticed a vine stalker
    12 | D:1      | Noticed a demonspawn
    12 | D:1      | Noticed a spriggan
    14 | D:1      | Noticed a vampire
    14 | D:1      | Noticed a troll
    16 | D:1      | Noticed a merfolk
    18 | D:1      | Noticed an elf
    18 | D:1      | Noticed a ghoul
    20 | D:1      | Noticed an octopode
    20 | D:1      | Noticed a formicid
    22 | D:1      | Noticed a naga
    24 | D:1      | Noticed a minotaur
    24 | D:1      | Noticed a tengu
    26 | D:1      | Noticed a draconian
   328 | D:1      | Reached XP level 2. HP: 26/26 MP: 2/2
   576 | D:1      | Reached XP level 3. HP: 31/31 MP: 3/3
   861 | D:2      | Noticed Terence
   868 | D:2      | Killed Terence
   869 | D:2      | Reached skill level 1 in Short Blades
   869 | D:2      | Reached skill level 1 in Long Blades
   869 | D:2      | Reached skill level 1 in Axes
   869 | D:2      | Reached skill level 1 in Maces & Flails
   869 | D:2      | Reached skill level 1 in Polearms
   869 | D:2      | Reached skill level 1 in Staves
   869 | D:2      | Reached skill level 1 in Throwing
   869 | D:2      | Reached skill level 1 in Armour
   869 | D:2      | Reached skill level 1 in Shields
   869 | D:2      | Reached skill level 1 in Unarmed Combat
   869 | D:2      | Reached skill level 1 in Spellcasting
   869 | D:2      | Reached skill level 1 in Invocations
   869 | D:2      | Reached skill level 1 in Evocations
  1044 | D:2      | Reached XP level 4. HP: 33/38 MP: 5/5
  1356 | D:2      | Reached skill level 1 in Conjurations
  1356 | D:2      | Reached skill level 1 in Hexes
  1356 | D:2      | Reached skill level 1 in Summonings
  1356 | D:2      | Reached skill level 1 in Necromancy
  1356 | D:2      | Reached skill level 1 in Translocations
  1356 | D:2      | Reached skill level 1 in Transmutations
  1356 | D:2      | Reached skill level 1 in Fire Magic
  1356 | D:2      | Reached skill level 1 in Ice Magic
  1356 | D:2      | Reached skill level 1 in Air Magic
  1356 | D:2      | Reached skill level 1 in Earth Magic
  1356 | D:2      | Reached skill level 1 in Poison Magic
  1828 | D:3      | Reached XP level 5. HP: 43/43 MP: 5/7
  2561 | D:4      | Found a glowing drain.
  2589 | Sewer    | Entered a sewer
  2931 | Sewer    | Reached XP level 6. HP: 50/50 MP: 8/8
  3211 | Sewer    | Reached skill level 5 in Fighting
  3211 | Sewer    | Reached skill level 5 in Dodging
  3412 | Sewer    | Got Nuerch's Vellum of Translocated Creation
  3549 | D:4      | Found Muyloeg's Jewellery Emporium.
  3774 | D:4      | Reached XP level 7. HP: 56/56 MP: 10/10
  4091 | D:5      | Entered Level 5 of the Dungeon
  4112 | D:5      | Reached skill level 9 in Ranged Weapons
  4285 | D:5      | Found a large runed translucent door.
  4286 | D:5      | Found a large runed translucent door.
  4304 | D:5      | Reached XP level 8. HP: 58/63 MP: 12/12
  4329 | D:5      | Noticed a yak
  4675 | D:5      | Found a large runed translucent door.
  4675 | D:5      | Found a large runed translucent door.
  4675 | D:5      | Noticed a gargoyle
  4971 | D:5      | Found the +5 demon whip "Spellbinder" {antimagic, Will+}
  4985 | D:5      | Noticed Eustachio
  4990 | D:5      | Killed Eustachio
  5071 | D:5      | Reached XP level 9. HP: 24/69 MP: 14/14
  5330 | D:5      | Found a basalt altar of Yredelemnul.
  5444 | D:5      | Found Yrocwisaoss's Lightly-Used Armoury.
  5757 | D:5      | Found Yrocwisaoss's Assorted Antiques.
  5766 | D:5      | Bought a scroll labelled UZOVAQ LEHU for 26 gold pieces
  5766 | D:5      | Bought a transparent robe for 148 gold pieces
  5766 | D:5      | Identified the +0 robe "Retir" {rC+} (You bought it in a
                  | shop on level 5 of the Dungeon)
  5928 | D:6      | Found a broken altar of Ashenzari.
  5935 | D:6      | Became a worshipper of Ashenzari the Shackled
  6101 | D:6      | Reached skill level 5 in Stealth
  6265 | D:6      | Found a staircase to the Ecumenical Temple.
  6276 | D:6      | Found a hazy altar of Hepliaklqana.
  6654 | D:6      | Reached skill level 5 in Invocations
  6739 | D:7      | Reached * piety under Ashenzari
  7172 | D:7      | Found Cax Kyem's Serpentskin Sales.
  7757 | D:8      | Reached ** piety under Ashenzari
  7767 | D:8      | Noticed a two-headed ogre
  7793 | D:8      | Slain by a two-headed ogre

Illustrated notes

Levels and vault maps discovered:
D:1:      kb_arrival_jail, layout_basic
D:2:      layout_basic, serial_bayou_lake_a, uniq_terence
D:3:      layout_basic
D:4:      layout_basic, portal_sewer_entry_f, serial_shops,
          nicolae_shop_statue_plus
D:5:      layout_basic, nicolae_yredelemnul_corpse_copse, serial_shops, shop,
          minmay_shop_damaged, nrook_pool_corridor,
          minmay_hollow_rounded_squares, uniq_eustachio
D:6:      layout_gridville, mainiacjoe_overflow_six_doors_small,
          mainiacjoe_overflow_tiny_flanked, minmay_temple_entry_glassed_door,
          kennysheep_generic_room_16
D:7:      layout_loops_cross, kennysheep_nub, guppyfry_shop_venom
D:8:      layout_basic, minmay_misc_feat_cross

Skill      XL: |  1  2  3  4  5  6  7  8  9 |
---------------+----------------------------+-----
Short Blades   | 1 2 3 4 |  4.8
Long Blades    | 1 2 3 4 |  4.8
Axes           | 1 2 3 4 |  4.8
Maces & Flails | 1 2 3 4 |  4.8
Polearms       | 1 2 3 4 |  4.8
Staves         | 1 2 3 4 |  4.8
Throwing       | 1 2 3 4 |  4.8
Armour         | 1 2 3 4 |  4.8
Shields        | 1 2 3 4 |  4.8
Unarmed Combat | 1 2 3 4 |  4.8
Spellcasting   | 1 2 3 4 |  4.8
Invocations    | 1 2 3 4 5 |  5.3
Evocations     | 1 2 3 4 |  4.8
Conjurations   | 1 2 3 4 |  4.0
Hexes          | 1 2 3 4 |  4.0
Summonings     | 1 2 3 4 |  4.0
Necromancy     | 1 2 3 4 |  4.0
Translocations | 1 2 3 4 |  4.0
Transmutations | 1 2 3 4 |  4.0
Fire Magic     | 1 2 3 4 |  4.0
Ice Magic      | 1 2 3 4 |  4.0
Air Magic      | 1 2 3 4 |  4.0
Earth Magic    | 1 2 3 4 |  4.0
Poison Magic   | 1 2 3 4 |  4.0
Stealth        | 3 4 5 |  5.4
Fighting       | 5 6 |  6.7
Dodging        | 5 6 |  6.7
Ranged Weapons | 9 |  9.9

Action                   |  1- 3 |  4- 6 |  7- 9 || total
-------------------------+-------+-------+-------++-------
Melee: Trident           |       |       |    11 ||    11
       Punch             |       |       |     1 ||     1
       Bite              |       |       |     1 ||     1
 Fire: Shortbow          |    70 |   247 |   214 ||   531
Invok: Curse Item        |       |       |     3 ||     3
  Use: Scroll            |     2 |     7 |     8 ||    17
Armor: Leather armour    |     7 |    37 |    13 ||    57
Dodge: Dodged            |    13 |   120 |    78 ||   211

Table legend: (Time is in decaauts)
 A = Elapsed time spent in this place.
 B = Non-inter-level travel time spent in this place.
 C = Inter-level travel time spent in this place.
 D = Time resting spent in this place.
 E = Time spent auto-exploring this place.
 F = Levels seen in this place.
 G = Mean time per level.
                   A        B        C        D        E       F      G
               +--------+--------+--------+--------+--------+-----+--------+
         Total |   8002 |   7882 |    120 |   1901 |   3490 |   9 |  889.1 |
       Dungeon |   7005 |   6885 |    120 |   1460 |   3470 |   8 |  875.6 |
         Sewer |    997 |    997 |      0 |    441 |     20 |   1 |  997.0 |
               +--------+--------+--------+--------+--------+-----+--------+

Top non-repeatable levels by time:
     D:5: 1819 daAuts
     D:7: 1004 daAuts
   Sewer: 997 daAuts
     D:2: 921 daAuts
     D:4: 886 daAuts
     D:6: 828 daAuts
     D:1: 758 daAuts
     D:3: 723 daAuts
     D:8: 63 daAuts
